Blackdemons vs Mulligans
(R1)
Created - April 3, 2018 at 19:21
Goals
|
| Blackdemons |
2 |
0 |
2 |
0 |
0 |
4 |
| Mulligans |
2 |
2 |
0 |
0 |
1 |
5 |
|
Shots
|
| Blackdemons |
16 |
6 |
7 |
3 |
3 |
32 |
| Mulligans |
15 |
13 |
5 |
1 |
3 |
34 |
|
1st period
1. Blackdemons , Patrice Cormier 35 (Alexandre Grenier 18) at 5:43
2. Blackdemons , Ales Kotalik 34 (Martin Hanzal 63) at 11:19 (PP)
3. Mulligans , Eric Tangradi 49 (Jonathan Tremblay 34) at 11:48 (SH)
4. Mulligans , Eric Tangradi 50 (Thomas Hickey 47, Maxime Macenauer 40) at 14:40
Penalties :
Derek Dorsett (Rep) for Holding (Minor) at 2:50, Matt Beleskey (Rep) for Roughing (Double Minor) at 11:17, Calvin de Haan (MJM) for High sticking (Minor) at 15:41
2nd period
5. Mulligans , Benn Ferriero 10 (Drayson Bowman 21, Darren Dietz 7) at 14:31
6. Mulligans , Maxime Macenauer 27 (Matt Beleskey 31, Matt Niskanen 43) at 17:28 (SH)
Penalties :
Jonathan Tremblay (Rep) for Hooking (Minor) at 3:11, Logan Shaw (Rep) for Hooking (Minor) at 16:55
3rd period
7. Blackdemons , Patrice Cormier 36 (Calvin de Haan 40, Andy McDonald 46) at 3:27
8. Blackdemons , Patrice Cormier 37 (Andy McDonald 47, Calvin de Haan 41) at 9:48
Penalties :
Eric Tangradi (Rep) for Holding (Minor) at 10:09, Mathew Dumba (MJM) for Hooking (Minor) at 18:01
Overtime #1
No Goal
Penalties :
No Penalty
Shootout
Penalty Shot by Martin Hanzal for Blackdemons - Shot Misses the Net
Penalty Shot by Eric Tangradi for Mulligans - Stopped by Matt Hackett
Penalty Shot by Ales Kotalik for Blackdemons - Shot Misses the Net
Penalty Shot by Jonathan Tremblay for Mulligans - Stopped by Matt Hackett
Penalty Shot by Ronalds Kenins for Blackdemons - Shot Misses the Net
Penalty Shot by Maxime Macenauer for Mulligans - Goal!
Penalties :
No Penalty
Goalie Stats
Matt Hackett (MJM), 30 saves from 34 shots - (0.882), OTL, 33-15-4, 65:00 minutes
Anders Lindback (Rep), 28 saves from 32 shots - (0.875), W, 28-18-2, 65:00 minutes
Players Stats for Blackdemons
Player Name G A P +/- PIM S H SB GA TA FO MP PP MP PK MP
------------------------------------------------------------------------------------
Ales Kotalik 1 0 1 -3 0 7 0 0 0 0 1/1 20:49 5:32 0:00
Alexandre Grenier 0 1 1 2 0 0 1 0 0 0 0/0 18:02 4:25 0:00
Andrew MacDonald 0 0 0 2 0 1 2 1 0 1 0/0 17:17 0:00 0:00
Andy McDonald 0 2 2 2 0 2 0 1 0 0 2/2 21:45 4:25 1:03
Blake Pietila 0 0 0 0 0 2 0 0 0 0 0/1 7:10 0:00 0:00
Branko Radivojevic 0 0 0 0 0 1 0 0 0 0 0/0 7:10 0:00 0:00
Brett Kulak 0 0 0 0 0 0 0 0 0 0 0/0 7:10 0:00 0:58
Calvin de Haan 0 2 2 2 2 2 0 0 1 1 0/0 21:00 3:28 1:02
Charles-Olivier Roussel 0 0 0 0 0 0 0 0 0 0 0/0 8:07 0:00 1:55
Jeffrey Foss 0 0 0 -1 0 0 0 0 0 0 0/0 8:34 0:00 0:00
Keaton Ellerby 0 0 0 -2 0 3 0 1 0 1 0/0 26:30 6:29 1:23
Kyle Rau 0 0 0 0 0 1 2 0 0 0 1/4 10:39 0:00 0:00
Martin Hanzal 0 1 1 -3 0 0 1 1 2 0 23/36 23:48 5:32 0:56
Mathew Dumba 0 0 0 -2 2 0 0 3 0 0 0/0 25:48 6:29 1:01
Max Friberg 0 0 0 0 0 0 1 0 1 0 0/0 11:55 0:00 0:56
Patrice Cormier 3 0 3 2 0 7 1 0 1 0 10/21 22:12 4:25 2:03
Roman Josi 0 0 0 -1 0 1 2 0 0 0 0/0 16:13 3:28 1:37
Ronalds Kenins 0 0 0 -3 0 2 2 0 0 0 0/1 21:50 5:32 1:58
Scott Timmins 0 0 0 0 0 1 0 0 0 0 1/1 8:21 0:00 0:59
Sergei Plotnikov 0 0 0 0 0 2 2 0 2 0 0/0 11:40 0:00 0:00
Players Stats for Mulligans
Player Name G A P +/- PIM S H SB GA TA FO MP PP MP PK MP
------------------------------------------------------------------------------------
Adam Lowry 0 0 0 0 0 0 0 0 0 0 0/0 0:00 0:00 0:00
Anton Lander 0 0 0 -1 0 2 1 1 1 0 3/11 15:27 1:50 1:25
Benn Ferriero 1 0 1 0 0 3 1 0 0 0 0/0 11:56 0:00 0:00
Cade Fairchild 0 0 0 0 0 1 1 1 0 0 0/0 23:18 1:42 3:43
Christoph Bertschy 0 0 0 0 0 0 1 0 0 0 2/2 7:00 0:00 0:26
Cody Goloubef 0 0 0 0 0 1 1 3 0 1 0/0 23:18 1:42 3:43
Dalton Thrower 0 0 0 -1 0 0 0 0 0 0 0/0 11:12 0:00 0:00
Darren Dietz 0 1 1 -1 0 0 3 0 0 1 0/0 11:12 0:00 0:00
Derek Dorsett 0 0 0 -1 2 1 2 0 0 0 0/0 13:45 1:50 0:00
Drayson Bowman 0 1 1 0 0 4 0 0 0 0 0/0 11:56 0:00 0:00
Eric Tangradi 2 0 2 1 2 10 0 0 1 0 8/17 24:53 2:04 4:51
Jonathan Tremblay 0 1 1 1 2 0 5 1 0 0 0/0 24:45 2:04 4:45
Joonas Donskoi 0 0 0 0 0 0 0 0 0 0 0/3 2:01 0:03 0:00
Logan Shaw 0 0 0 0 2 2 2 0 0 0 0/0 6:58 0:03 0:00
Mario Lucia 0 0 0 0 0 0 0 0 0 0 0/1 2:38 0:00 2:16
Matt Beleskey 0 1 1 0 4 2 4 1 1 0 0/1 16:23 1:50 1:43
Matt Niskanen 0 1 1 2 0 4 7 1 0 1 0/0 30:30 2:15 6:14
Maxime Macenauer 1 1 2 1 0 1 2 1 0 0 13/26 19:53 2:04 2:24
Nick Shore 0 0 0 0 0 1 2 0 0 1 3/6 11:56 0:00 0:00
Reid Boucher 0 0 0 0 0 0 0 0 0 0 0/0 1:37 0:03 0:19
Sven Baertschi 0 0 0 0 0 1 1 0 0 0 0/0 8:50 0:00 1:45
Thomas Hickey 0 1 1 2 0 1 1 2 0 3 0/0 30:30 2:15 6:14
3 Stars
1 - Patrice Cormier (MJM)
2 - Maxime Macenauer (Rep)
3 - Matt Niskanen (Rep)
Power Play
Blackdemons - 1 on 6 Attempt(s) - 16.67%
Mulligans - 0 on 2 Attempt(s) - 0.00%
Penalty Kill
Blackdemons - 2 on 2 Attempt(s) - 100.00%
- Score 0 goal in Penalty Kill
Mulligans - 5 on 6 Attempt(s) - 83.33%
- Score 2 goal in Penalty Kill
Team Stat
Blackdemons - Hits : 14 - Faceoff Wins : 38 - Blocked Shots : 7 - Penalty Minutes : 4
Mulligans - Hits : 34 - Faceoff Wins : 29 - Blocked Shots : 11 - Penalty Minutes : 12
Official
Referees : Auger Stephane and Sutherland Kelly
Linesman : Derek Amell and Brad Kovachik
Game Notes
Patrice Cormier has scored a Hat Trick!
Finance
Level 1 -- Attendance: 1484 (74.20%) -- Ticket Income $37,100
Level 2 -- Attendance: 738 (73.80%) -- Ticket Income $8,856
Total Attendance: 2222 (74.07%)
Total Ticket Income: $45,956
Other Income: $2,298
Total Income: $48,254
Blackdemons
5 vs 5 Forward
Center Left Wing Right Wing Time % Phy DF OF
1 Martin Hanzal Ronalds Kenins Ales Kotalik 37 0 2 3
2 Patrice Cormier Andy McDonald Alexandre Grenier 35 0 2 3
3 Kyle Rau Sergei Plotnikov Max Friberg 20 1 2 2
4 Scott Timmins Blake Pietila Branko Radivojevic 8 0 4 1
5 vs 5 Defense
Defense Defense Time % Phy DF OF
1 Mathew Dumba Keaton Ellerby 40 0 3 2
2 Calvin de Haan Andrew MacDonald 35 0 3 2
3 Roman Josi Jeffrey Foss 20 1 2 2
4 Charles-Olivier Roussel Brett Kulak 5 1 3 1
PowerPlay Forward
Center Left Wing Right Wing Time % Phy DF OF
1 Martin Hanzal Ronalds Kenins Ales Kotalik 55 0 1 4
2 Patrice Cormier Andy McDonald Alexandre Grenier 45 0 1 4
PowerPlay Defense
Defense Defense Time % Phy DF OF
1 Mathew Dumba Keaton Ellerby 55 0 1 4
2 Roman Josi Calvin de Haan 45 0 1 4
Penalty Kill 4 Players Forward
Center Wing Time % Phy DF OF
1 Patrice Cormier Ronalds Kenins 60 0 5 0
2 Martin Hanzal Max Friberg 40 0 5 0
Penalty Kill 4 Players Defense
Defense Defense Time % Phy DF OF
1 Calvin de Haan Roman Josi 60 0 5 0
2 Keaton Ellerby Mathew Dumba 40 0 5 0
Penalty Kill - 3 Players Forward
Forward Time % Phy DF OF
1 Patrice Cormier 60 0 5 0
2 Max Friberg 40 0 5 0
Penalty Kill - 3 Players Defense
Defense Defense Time % Phy DF OF
1 Mathew Dumba Keaton Ellerby 60 0 5 0
2 Calvin de Haan Roman Josi 40 0 5 0
4 vs 4 Forward
Center Wing Time % Phy DF OF
1 Martin Hanzal Andy McDonald 60 1 2 2
2 Patrice Cormier Ales Kotalik 40 1 2 2
4 vs 4 Defense
Defense Defense Time % Phy DF OF
1 Keaton Ellerby Mathew Dumba 60 1 2 2
2 Andrew MacDonald Roman Josi 40 1 2 2
Last Minutes Offensive
Center Left Wing Right Wing Defense Defense
Martin Hanzal Andy McDonald Ales Kotalik Keaton Ellerby Andrew MacDonald
Last Minutes Defensive
Center Left Wing Right Wing Defense Defense
Patrice Cormier Andy McDonald Ales Kotalik Mathew Dumba Keaton Ellerby
Goaltenders
Starting : Matt Hackett
Backup : Laurent Brossoit
Extra Forwards
Normal : Martin Hanzal, Andy McDonald, Patrice Cormier - PP : Andy McDonald, Martin Hanzal - PK : Patrice Cormier
Extra Defensemen
Normal : Calvin de Haan, Mathew Dumba, Jeffrey Foss - PP : Mathew Dumba - PK : Mathew Dumba, Calvin de Haan
Penalty Shots
Martin Hanzal, Ales Kotalik, Ronalds Kenins, Andy McDonald, Alexandre Grenier
Scratches
Klas Dahlbeck (Broken Bone (Left Foot) Injury), Jyrki Jokipakka (Healthy), Mackenzie MacEachern (Healthy), Reece Scarlett (Healthy), Ben Maxwell (Healthy)
Nicolas Deschamps (Healthy), Jacob Lagacé (Healthy), James Livingstone (Healthy), Alexander Salak (Healthy), Sami Aittokallio (Healthy)
Mulligans
5 vs 5 Forward
Center Left Wing Right Wing Time % Phy DF OF
1 Maxime Macenauer Eric Tangradi Jonathan Tremblay 40 1 2 2
2 Anton Lander Matt Beleskey Derek Dorsett 30 1 2 2
3 Nick Shore Drayson Bowman Benn Ferriero 20 1 2 2
4 Christoph Bertschy Sven Baertschi Logan Shaw 10 1 2 2
5 vs 5 Defense
Defense Defense Time % Phy DF OF
1 Matt Niskanen Thomas Hickey 40 1 2 2
2 Cody Goloubef Cade Fairchild 30 1 2 2
3 Darren Dietz Dalton Thrower 20 1 2 2
4 Matt Niskanen Thomas Hickey 10 1 2 2
PowerPlay Forward
Center Left Wing Right Wing Time % Phy DF OF
1 Maxime Macenauer Eric Tangradi Jonathan Tremblay 60 1 2 2
2 Anton Lander Matt Beleskey Derek Dorsett 40 1 2 2
PowerPlay Defense
Defense Defense Time % Phy DF OF
1 Matt Niskanen Thomas Hickey 60 1 2 2
2 Cody Goloubef Cade Fairchild 40 1 2 2
Penalty Kill 4 Players Forward
Center Wing Time % Phy DF OF
1 Eric Tangradi Jonathan Tremblay 60 1 2 2
2 Maxime Macenauer Matt Beleskey 40 1 2 2
Penalty Kill 4 Players Defense
Defense Defense Time % Phy DF OF
1 Matt Niskanen Thomas Hickey 60 1 2 2
2 Cody Goloubef Cade Fairchild 40 1 2 2
Penalty Kill - 3 Players Forward
Forward Time % Phy DF OF
1 Eric Tangradi 60 1 2 2
2 Jonathan Tremblay 40 1 2 2
Penalty Kill - 3 Players Defense
Defense Defense Time % Phy DF OF
1 Matt Niskanen Thomas Hickey 60 1 2 2
2 Cody Goloubef Cade Fairchild 40 1 2 2
4 vs 4 Forward
Center Wing Time % Phy DF OF
1 Eric Tangradi Jonathan Tremblay 60 1 2 2
2 Maxime Macenauer Matt Beleskey 40 1 2 2
4 vs 4 Defense
Defense Defense Time % Phy DF OF
1 Matt Niskanen Thomas Hickey 60 1 2 2
2 Cody Goloubef Cade Fairchild 40 1 2 2
Last Minutes Offensive
Center Left Wing Right Wing Defense Defense
Maxime Macenauer Eric Tangradi Jonathan Tremblay Matt Niskanen Thomas Hickey
Last Minutes Defensive
Center Left Wing Right Wing Defense Defense
Maxime Macenauer Eric Tangradi Jonathan Tremblay Matt Niskanen Thomas Hickey
Goaltenders
Starting : Anders Lindback
Backup : Calvin Pickard
Extra Forwards
Normal : Joonas Donskoi, Reid Boucher, Mario Lucia - PP : Joonas Donskoi, Reid Boucher - PK : Mario Lucia
Extra Defensemen
Normal : Darren Dietz, Dalton Thrower, Cody Goloubef - PP : Darren Dietz - PK : Dalton Thrower, Cody Goloubef
Penalty Shots
Eric Tangradi, Jonathan Tremblay, Maxime Macenauer, Matt Beleskey, Anton Lander
Scratches
Ben Hutton (Bruised Left Leg Injury), Nick Bonino (Healthy), Marek Langhamer (Healthy)
% Time on Ice - Blackdemons
Lines # - Real PCT - Wanted PCT - Time Play
Normal Forward
1 - 31% - 37% - 14:20
2 - 30% - 35% - 13:57
3 - 23% - 20% - 10:39
4 - 16% - 8% - 7:10
Normal Defense
1 - 35% - 40% - 16:21
2 - 34% - 35% - 15:31
3 - 19% - 20% - 8:34
4 - 12% - 5% - 5:40
PP Forward
1 - 56% - 55% - 5:32
2 - 44% - 45% - 4:25
PP Defense
1 - 65% - 55% - 6:29
2 - 35% - 45% - 3:28
PK Forward
1 - 76% - 60% - 3:01
2 - 24% - 40% - 0:56
PK Defense
1 - 65% - 60% - 2:35
2 - 35% - 40% - 1:22
PK3 Forward
1 - 100% - 60% - 0:01
2 - 0% - 40% - 0:00
PK3 Defense
1 - 100% - 60% - 0:01
2 - 0% - 40% - 0:00
44 Forward
1 - 81% - 60% - 4:02
2 - 19% - 40% - 0:57
44 Defense
1 - 57% - 60% - 2:49
2 - 43% - 40% - 2:10
Last Minute Offensive - 0:00
Last Minute Defensive - 0:00
Total
Forward - 65:00
Defense - 65:00
|
% Time on Ice - Mulligans
Lines # - Real PCT - Wanted PCT - Time Play
Normal Forward
1 - 34% - 40% - 15:47
2 - 26% - 30% - 11:49
3 - 26% - 20% - 11:56
4 - 14% - 10% - 6:34
Normal Defense
1 - 37% - 40% - 17:13
2 - 34% - 30% - 15:35
3 - 24% - 20% - 11:12
4 - 5% - 10% - 2:06
PP Forward
1 - 54% - 60% - 2:07
2 - 46% - 40% - 1:50
PP Defense
1 - 57% - 60% - 2:15
2 - 43% - 40% - 1:42
PK Forward
1 - 76% - 60% - 7:33
2 - 24% - 40% - 2:24
PK Defense
1 - 63% - 60% - 6:14
2 - 37% - 40% - 3:43
PK3 Forward
1 - 0% - 60%
2 - 0% - 40%
PK3 Defense
1 - 0% - 60%
2 - 0% - 40%
44 Forward
1 - 81% - 60% - 4:03
2 - 19% - 40% - 0:57
44 Defense
1 - 54% - 60% - 2:42
2 - 46% - 40% - 2:18
Last Minute Offensive - 0:00
Last Minute Defensive - 0:00
Total
Forward - 65:00
Defense - 65:00
|
Play by Play
1st period
0:01 of 1st period - Martin Hanzal wins face-off versus Maxime Macenauer in neutral zone.
0:27 of 1st period - Patrice Cormier is hit by Matt Niskanen.
1:16 of 1st period - Ales Kotalik is hit by Christoph Bertschy and loses puck.
1:29 of 1st period - Wrist shot by Andy McDonald.
1:29 of 1st period - Shot Blocked by Cody Goloubef.
1:31 of 1st period - Snap shot by Roman Josi.
1:31 of 1st period - Deflect By Cade Fairchild.
1:31 of 1st period - Stopped by Anders Lindback with a rebound.
1:55 of 1st period - Wrist shot by Branko Radivojevic.
1:55 of 1st period - Shot Misses the Net.
1:57 of 1st period - Snap shot by Blake Pietila.
1:57 of 1st period - Stopped by Anders Lindback with a rebound.
2:35 of 1st period - Wrist shot by Eric Tangradi.
2:35 of 1st period - Stopped by Matt Hackett without a rebound.
2:36 of 1st period - Maxime Macenauer wins face-off versus Patrice Cormier in Blackdemons zone.
2:47 of 1st period - Snap shot by Andy McDonald.
2:47 of 1st period - Stopped by Anders Lindback without a rebound.
2:48 of 1st period - Anton Lander wins face-off versus Patrice Cormier in Mulligans zone.
2:50 of 1st period - Minor Penalty to Derek Dorsett for Holding.
2:51 of 1st period - Eric Tangradi wins face-off versus Martin Hanzal in Mulligans zone.
3:31 of 1st period - Snap shot by Patrice Cormier.
3:31 of 1st period - Shot Misses the Net.
3:33 of 1st period - Slapshot by Keaton Ellerby.
3:33 of 1st period - Stopped by Anders Lindback without a rebound.
3:34 of 1st period - Maxime Macenauer wins face-off versus Patrice Cormier in Mulligans zone.
3:58 of 1st period - Matt Niskanen is hit by Roman Josi and loses puck.
4:05 of 1st period - Slapshot by Patrice Cormier.
4:05 of 1st period - Stopped by Anders Lindback without a rebound.
4:06 of 1st period - Maxime Macenauer wins face-off versus Martin Hanzal in Mulligans zone.
4:15 of 1st period - Snap shot by Matt Beleskey.
4:15 of 1st period - Stopped by Matt Hackett with a rebound.
4:31 of 1st period - Alexandre Grenier is hit by Jonathan Tremblay and loses puck.
4:50 of 1st period - Penalty to Derek Dorsett is over, Derek Dorsett is back on ice.
5:02 of 1st period - Snap shot by Thomas Hickey.
5:02 of 1st period - Stopped by Matt Hackett without a rebound.
5:03 of 1st period - Nick Shore wins face-off versus Kyle Rau in Blackdemons zone.
5:20 of 1st period - Slapshot by Kyle Rau.
5:20 of 1st period - Shot Blocked by Thomas Hickey.
5:28 of 1st period - Keaton Ellerby is hit by Matt Niskanen.
5:31 of 1st period - Off-side.
5:32 of 1st period - Patrice Cormier wins face-off versus Maxime Macenauer in neutral zone.
5:35 of 1st period - Snap shot by Andy McDonald.
5:35 of 1st period - Stopped by Anders Lindback without a rebound.
5:36 of 1st period - Maxime Macenauer wins face-off versus Patrice Cormier in Mulligans zone.
5:43 of 1st period - Snap shot by Patrice Cormier.
5:43 of 1st period - Goal by Patrice Cormier - Blackdemons : 1 - Mulligans : 0.
5:44 of 1st period - Martin Hanzal wins face-off versus Anton Lander in neutral zone.
7:12 of 1st period - Slapshot by Mathew Dumba.
7:12 of 1st period - Shot Misses the Net.
7:17 of 1st period - Snap shot by Ales Kotalik.
7:17 of 1st period - Stopped by Anders Lindback without a rebound.
7:18 of 1st period - Patrice Cormier wins face-off versus Maxime Macenauer in Mulligans zone.
7:31 of 1st period - Slapshot by Patrice Cormier.
7:31 of 1st period - Stopped by Anders Lindback with a rebound.
7:33 of 1st period - Backhand shot by Andrew MacDonald.
7:33 of 1st period - Shot Blocked by Thomas Hickey.
7:43 of 1st period - Calvin de Haan is hit by Derek Dorsett and loses puck.
7:48 of 1st period - Slapshot by Matt Beleskey.
7:48 of 1st period - Stopped by Matt Hackett without a rebound.
7:49 of 1st period - Martin Hanzal wins face-off versus Anton Lander in Blackdemons zone.
7:49 of 1st period - Martin Hanzal is hit by Matt Beleskey.
8:01 of 1st period - Snap shot by Ales Kotalik.
8:01 of 1st period - Shot Misses the Net.
8:11 of 1st period - Snap shot by Matt Beleskey.
8:11 of 1st period - Shot Blocked by Mathew Dumba.
8:14 of 1st period - Icing by Andy McDonald.
8:15 of 1st period - Maxime Macenauer wins face-off versus Patrice Cormier in Blackdemons zone.
8:16 of 1st period - Snap shot by Eric Tangradi.
8:16 of 1st period - Stopped by Matt Hackett without a rebound.
8:17 of 1st period - Patrice Cormier wins face-off versus Maxime Macenauer in Blackdemons zone.
8:24 of 1st period - Jonathan Tremblay is hit by Patrice Cormier and loses puck.
8:47 of 1st period - Snap shot by Anton Lander.
8:47 of 1st period - Shot Blocked by Mathew Dumba.
8:49 of 1st period - Snap shot by Anton Lander.
8:49 of 1st period - Stopped by Matt Hackett without a rebound.
8:50 of 1st period - Martin Hanzal wins face-off versus Anton Lander in Blackdemons zone.
9:03 of 1st period - Slapshot by Martin Hanzal.
9:03 of 1st period - Shot Misses the Net.
9:15 of 1st period - Max Friberg is hit by Matt Beleskey and loses puck.
9:43 of 1st period - Jonathan Tremblay is hit by Alexandre Grenier and loses puck.
9:54 of 1st period - Slapshot by Andrew MacDonald.
9:54 of 1st period - Deflect By Cody Goloubef.
9:54 of 1st period - Stopped by Anders Lindback without a rebound.
9:55 of 1st period - Scott Timmins wins face-off versus Nick Shore in Mulligans zone.
10:10 of 1st period - Slapshot by Calvin de Haan.
10:10 of 1st period - Stopped by Anders Lindback with a rebound.
10:20 of 1st period - Ales Kotalik is hit by Logan Shaw and loses puck.
10:25 of 1st period - Snap shot by Matt Niskanen.
10:25 of 1st period - Stopped by Matt Hackett with a rebound.
10:27 of 1st period - Snap shot by Logan Shaw.
10:27 of 1st period - Stopped by Matt Hackett with a rebound.
10:29 of 1st period - Snap shot by Logan Shaw.
10:29 of 1st period - Shot Misses the Net.
11:02 of 1st period - Andrew MacDonald is hit by Darren Dietz and loses puck.
11:07 of 1st period - Slapshot by Calvin de Haan.
11:07 of 1st period - Shot Blocked by Anton Lander.
11:09 of 1st period - Slapshot by Calvin de Haan.
11:09 of 1st period - Shot Blocked by Matt Beleskey.
11:17 of 1st period - Double Minor Penalty to Matt Beleskey for Roughing.
11:18 of 1st period - Martin Hanzal wins face-off versus Eric Tangradi in Mulligans zone.
11:19 of 1st period - Wrist shot by Ales Kotalik.
11:19 of 1st period - Goal by Ales Kotalik - Blackdemons : 2 - Mulligans : 0.
11:20 of 1st period - Martin Hanzal wins face-off versus Eric Tangradi in neutral zone.
11:32 of 1st period - Icing by Ales Kotalik.
11:33 of 1st period - Martin Hanzal wins face-off versus Eric Tangradi in Blackdemons zone.
11:42 of 1st period - Snap shot by Eric Tangradi.
11:42 of 1st period - Stopped by Matt Hackett without a rebound.
11:43 of 1st period - Eric Tangradi wins face-off versus Martin Hanzal in Blackdemons zone.
11:48 of 1st period - Slapshot by Eric Tangradi.
11:48 of 1st period - Goal by Eric Tangradi - Blackdemons : 2 - Mulligans : 1.
11:49 of 1st period - Martin Hanzal wins face-off versus Eric Tangradi in neutral zone.
12:04 of 1st period - Snap shot by Ales Kotalik.
12:04 of 1st period - Stopped by Anders Lindback with a rebound.
13:19 of 1st period - Penalty to Matt Beleskey is over, Matt Beleskey is back on ice.
13:29 of 1st period - Wrist shot by Benn Ferriero.
13:29 of 1st period - Stopped by Matt Hackett without a rebound.
13:30 of 1st period - Nick Shore wins face-off versus Kyle Rau in Blackdemons zone.
13:35 of 1st period - Wrist shot by Drayson Bowman.
13:35 of 1st period - Shot Misses the Net.
13:37 of 1st period - Slapshot by Nick Shore.
13:37 of 1st period - Stopped by Matt Hackett with a rebound.
13:41 of 1st period - Wrist shot by Drayson Bowman.
13:41 of 1st period - Stopped by Matt Hackett without a rebound.
13:42 of 1st period - Patrice Cormier wins face-off versus Matt Beleskey in Blackdemons zone.
14:09 of 1st period - Icing by Thomas Hickey.
14:10 of 1st period - Martin Hanzal wins face-off versus Maxime Macenauer in Mulligans zone.
14:36 of 1st period - Snap shot by Maxime Macenauer.
14:36 of 1st period - Shot Misses the Net.
14:40 of 1st period - Snap shot by Eric Tangradi.
14:40 of 1st period - Goal by Eric Tangradi - Blackdemons : 2 - Mulligans : 2.
14:41 of 1st period - Patrice Cormier wins face-off versus Maxime Macenauer in neutral zone.
15:16 of 1st period - Wrist shot by Ales Kotalik.
15:16 of 1st period - Stopped by Anders Lindback without a rebound.
15:17 of 1st period - Martin Hanzal wins face-off versus Nick Shore in Mulligans zone.
15:18 of 1st period - Snap shot by Ales Kotalik.
15:18 of 1st period - Stopped by Anders Lindback without a rebound.
15:19 of 1st period - Nick Shore wins face-off versus Martin Hanzal in Mulligans zone.
15:41 of 1st period - Minor Penalty to Calvin de Haan for High sticking.
15:42 of 1st period - Maxime Macenauer wins face-off versus Patrice Cormier in Blackdemons zone.
16:19 of 1st period - Slapshot by Matt Niskanen.
16:19 of 1st period - Shot Misses the Net.
17:41 of 1st period - Penalty to Calvin de Haan is over, Calvin de Haan is back on ice.
17:45 of 1st period - Max Friberg is hit by Benn Ferriero and loses puck.
18:06 of 1st period - Christoph Bertschy is hit by Sergei Plotnikov and loses puck.
18:33 of 1st period - Icing by Mathew Dumba.
18:34 of 1st period - Christoph Bertschy wins face-off versus Blake Pietila in Blackdemons zone.
18:41 of 1st period - Blake Pietila is hit by Derek Dorsett and loses puck.
18:50 of 1st period - Slapshot by Keaton Ellerby.
18:50 of 1st period - Deflect By Blake Pietila.
18:50 of 1st period - Stopped by Anders Lindback with a rebound.
18:52 of 1st period - Snap shot by Blake Pietila.
18:52 of 1st period - Shot Blocked by Jonathan Tremblay.
18:54 of 1st period - Slapshot by Keaton Ellerby.
18:54 of 1st period - Deflect By Scott Timmins.
18:54 of 1st period - Shot Blocked by Cody Goloubef.
18:54 of 1st period - Puck is out of play.
18:55 of 1st period - Martin Hanzal wins face-off versus Maxime Macenauer in Mulligans zone.
19:34 of 1st period - Slapshot by Eric Tangradi.
19:34 of 1st period - Stopped by Matt Hackett without a rebound.
19:35 of 1st period - Martin Hanzal wins face-off versus Anton Lander in Blackdemons zone.
Goals for this period are 2 for Blackdemons vs 2 for Mulligans.
Shots for this period are 16 for Blackdemons vs 15 for Mulligans.
2nd period
0:01 of 2nd period - Maxime Macenauer wins face-off versus Patrice Cormier in neutral zone.
0:12 of 2nd period - Snap shot by Eric Tangradi.
0:12 of 2nd period - Shot Misses the Net.
0:26 of 2nd period - Ales Kotalik is hit by Matt Niskanen and loses puck.
0:57 of 2nd period - Wrist shot by Kyle Rau.
0:57 of 2nd period - Shot Misses the Net.
0:59 of 2nd period - Wrist shot by Sergei Plotnikov.
0:59 of 2nd period - Deflect By Cody Goloubef.
0:59 of 2nd period - Stopped by Anders Lindback without a rebound.
1:00 of 2nd period - Patrice Cormier wins face-off versus Maxime Macenauer in Mulligans zone.
1:51 of 2nd period - Backhand shot by Drayson Bowman.
1:51 of 2nd period - Stopped by Matt Hackett with a rebound.
1:53 of 2nd period - Snap shot by Benn Ferriero.
1:53 of 2nd period - Deflect By Drayson Bowman.
1:53 of 2nd period - Shot Misses the Net.
1:53 of 2nd period - Puck is out of play.
1:54 of 2nd period - Andy McDonald wins face-off versus Nick Shore in Blackdemons zone.
2:23 of 2nd period - Wrist shot by Drayson Bowman.
2:23 of 2nd period - Shot Misses the Net.
2:49 of 2nd period - Wrist shot by Drayson Bowman.
2:49 of 2nd period - Deflect By Benn Ferriero.
2:49 of 2nd period - Stopped by Matt Hackett without a rebound.
2:50 of 2nd period - Maxime Macenauer wins face-off versus Martin Hanzal in Blackdemons zone.
2:55 of 2nd period - Snap shot by Eric Tangradi.
2:55 of 2nd period - Shot Misses the Net.
3:11 of 2nd period - Minor Penalty to Jonathan Tremblay for Hooking.
3:12 of 2nd period - Ales Kotalik wins face-off versus Eric Tangradi in Mulligans zone.
3:17 of 2nd period - Wrist shot by Martin Hanzal.
3:17 of 2nd period - Shot Misses the Net.
3:19 of 2nd period - Slapshot by Ronalds Kenins.
3:19 of 2nd period - Stopped by Anders Lindback without a rebound.
3:20 of 2nd period - Eric Tangradi wins face-off versus Martin Hanzal in Mulligans zone.
3:47 of 2nd period - Snap shot by Eric Tangradi.
3:47 of 2nd period - Deflect By Sven Baertschi.
3:47 of 2nd period - Stopped by Matt Hackett with a rebound.
5:11 of 2nd period - Penalty to Jonathan Tremblay is over, Jonathan Tremblay is back on ice.
7:50 of 2nd period - Wrist shot by Derek Dorsett.
7:50 of 2nd period - Stopped by Matt Hackett with a rebound.
7:52 of 2nd period - Slapshot by Cade Fairchild.
7:52 of 2nd period - Shot Blocked by Andy McDonald.
7:54 of 2nd period - Slapshot by Cade Fairchild.
7:54 of 2nd period - Stopped by Matt Hackett with a rebound.
8:21 of 2nd period - Icing by Sergei Plotnikov.
8:22 of 2nd period - Kyle Rau wins face-off versus Anton Lander in Blackdemons zone.
8:27 of 2nd period - Calvin de Haan is hit by Matt Beleskey and loses puck.
8:45 of 2nd period - Andrew MacDonald is hit by Darren Dietz and loses puck.
9:06 of 2nd period - Calvin de Haan is hit by Logan Shaw and loses puck.
9:42 of 2nd period - Calvin de Haan is hit by Maxime Macenauer and loses puck.
10:05 of 2nd period - Anton Lander is hit by Ronalds Kenins and loses puck.
10:34 of 2nd period - Jeffrey Foss is hit by Sven Baertschi and loses puck.
10:45 of 2nd period - Nick Shore is hit by Kyle Rau and loses puck.
13:04 of 2nd period - Snap shot by Kyle Rau.
13:04 of 2nd period - Stopped by Anders Lindback without a rebound.
13:05 of 2nd period - Eric Tangradi wins face-off versus Martin Hanzal in Mulligans zone.
13:16 of 2nd period - Keaton Ellerby is hit by Jonathan Tremblay and loses puck.
13:52 of 2nd period - Wrist shot by Matt Niskanen.
13:52 of 2nd period - Stopped by Matt Hackett with a rebound.
13:54 of 2nd period - Slapshot by Matt Niskanen.
13:54 of 2nd period - Shot Misses the Net.
13:56 of 2nd period - Snap shot by Matt Niskanen.
13:56 of 2nd period - Shot Misses the Net.
13:58 of 2nd period - Slapshot by Matt Niskanen.
13:58 of 2nd period - Deflect By Andrew MacDonald.
13:58 of 2nd period - Stopped by Matt Hackett without a rebound.
13:59 of 2nd period - Martin Hanzal wins face-off versus Maxime Macenauer in Blackdemons zone.
13:59 of 2nd period - Martin Hanzal is hit by Jonathan Tremblay.
14:24 of 2nd period - Ronalds Kenins is hit by Nick Shore and loses puck.
14:31 of 2nd period - Snap shot by Drayson Bowman.
14:31 of 2nd period - Deflect By Benn Ferriero.
14:31 of 2nd period - Goal by Benn Ferriero - Blackdemons : 2 - Mulligans : 3.
14:32 of 2nd period - Patrice Cormier wins face-off versus Maxime Macenauer in neutral zone.
14:35 of 2nd period - Slapshot by Keaton Ellerby.
14:35 of 2nd period - Shot Misses the Net.
14:37 of 2nd period - Slapshot by Andy McDonald.
14:37 of 2nd period - Shot Blocked by Maxime Macenauer.
14:41 of 2nd period - Snap shot by Patrice Cormier.
14:41 of 2nd period - Stopped by Anders Lindback with a rebound.
14:43 of 2nd period - Snap shot by Keaton Ellerby.
14:43 of 2nd period - Deflect By Maxime Macenauer.
14:43 of 2nd period - Stopped by Anders Lindback without a rebound.
14:44 of 2nd period - Martin Hanzal wins face-off versus Maxime Macenauer in Mulligans zone.
14:51 of 2nd period - Snap shot by Ronalds Kenins.
14:51 of 2nd period - Stopped by Anders Lindback without a rebound.
14:52 of 2nd period - Maxime Macenauer wins face-off versus Martin Hanzal in Mulligans zone.
15:01 of 2nd period - Slapshot by Eric Tangradi.
15:01 of 2nd period - Stopped by Matt Hackett without a rebound.
15:02 of 2nd period - Patrice Cormier wins face-off versus Maxime Macenauer in Blackdemons zone.
15:27 of 2nd period - Jonathan Tremblay is hit by Max Friberg and loses puck.
15:54 of 2nd period - Matt Beleskey is hit by Ronalds Kenins and loses puck.
16:15 of 2nd period - Snap shot by Drayson Bowman.
16:15 of 2nd period - Stopped by Matt Hackett with a rebound.
16:33 of 2nd period - Slapshot by Logan Shaw.
16:33 of 2nd period - Stopped by Matt Hackett without a rebound.
16:34 of 2nd period - Christoph Bertschy wins face-off versus Patrice Cormier in Blackdemons zone.
16:55 of 2nd period - Minor Penalty to Logan Shaw for Hooking.
16:56 of 2nd period - Eric Tangradi wins face-off versus Martin Hanzal in Mulligans zone.
17:06 of 2nd period - Slapshot by Ronalds Kenins.
17:06 of 2nd period - Shot Blocked by Matt Niskanen.
17:08 of 2nd period - Snap shot by Martin Hanzal.
17:08 of 2nd period - Shot Misses the Net.
17:28 of 2nd period - Wrist shot by Maxime Macenauer.
17:28 of 2nd period - Goal by Maxime Macenauer - Blackdemons : 2 - Mulligans : 4.
17:29 of 2nd period - Eric Tangradi wins face-off versus Martin Hanzal in neutral zone.
17:34 of 2nd period - Backhand shot by Eric Tangradi.
17:34 of 2nd period - Shot Blocked by Mathew Dumba.
18:38 of 2nd period - Martin Hanzal is hit by Maxime Macenauer and loses puck.
18:51 of 2nd period - Mathew Dumba is hit by Matt Niskanen and loses puck.
18:55 of 2nd period - Penalty to Logan Shaw is over, Logan Shaw is back on ice.
19:24 of 2nd period - Slapshot by Benn Ferriero.
19:24 of 2nd period - Shot Blocked by Andrew MacDonald.
19:26 of 2nd period - Snap shot by Drayson Bowman.
19:26 of 2nd period - Stopped by Matt Hackett with a rebound.
Goals for this period are 0 for Blackdemons vs 2 for Mulligans.
Shots for this period are 6 for Blackdemons vs 13 for Mulligans.
3rd period
0:01 of 3rd period - Maxime Macenauer wins face-off versus Martin Hanzal in neutral zone.
0:36 of 3rd period - Snap shot by Matt Niskanen.
0:36 of 3rd period - Deflect By Andrew MacDonald.
0:36 of 3rd period - Stopped by Matt Hackett without a rebound.
0:37 of 3rd period - Anton Lander wins face-off versus Martin Hanzal in Blackdemons zone.
0:38 of 3rd period - Snap shot by Derek Dorsett.
0:38 of 3rd period - Shot Blocked by Keaton Ellerby.
0:48 of 3rd period - Wrist shot by Anton Lander.
0:48 of 3rd period - Stopped by Matt Hackett without a rebound.
0:49 of 3rd period - Martin Hanzal wins face-off versus Anton Lander in Blackdemons zone.
0:53 of 3rd period - Off-side.
0:54 of 3rd period - Martin Hanzal wins face-off versus Anton Lander in neutral zone.
1:01 of 3rd period - Snap shot by Martin Hanzal.
1:01 of 3rd period - Shot Misses the Net.
1:21 of 3rd period - Snap shot by Maxime Macenauer.
1:21 of 3rd period - Deflect By Eric Tangradi.
1:21 of 3rd period - Stopped by Matt Hackett without a rebound.
1:22 of 3rd period - Eric Tangradi wins face-off versus Patrice Cormier in Blackdemons zone.
1:47 of 3rd period - Andy McDonald is hit by Cade Fairchild and loses puck.
2:23 of 3rd period - Drayson Bowman is hit by Andrew MacDonald and loses puck.
2:32 of 3rd period - Andrew MacDonald is hit by Matt Niskanen and loses puck.
3:17 of 3rd period - Wrist shot by Drayson Bowman.
3:17 of 3rd period - Shot Misses the Net.
3:25 of 3rd period - Slapshot by Calvin de Haan.
3:25 of 3rd period - Stopped by Anders Lindback with a rebound.
3:27 of 3rd period - Snap shot by Patrice Cormier.
3:27 of 3rd period - Goal by Patrice Cormier - Blackdemons : 3 - Mulligans : 4.
3:28 of 3rd period - Maxime Macenauer wins face-off versus Martin Hanzal in neutral zone.
3:33 of 3rd period - Snap shot by Eric Tangradi.
3:33 of 3rd period - Stopped by Matt Hackett with a rebound.
3:53 of 3rd period - Kyle Rau is hit by Cody Goloubef and loses puck.
4:00 of 3rd period - Derek Dorsett is hit by Kyle Rau.
5:26 of 3rd period - Slapshot by Kyle Rau.
5:26 of 3rd period - Shot Misses the Net.
7:05 of 3rd period - Anton Lander is hit by Martin Hanzal and loses puck.
7:27 of 3rd period - Dalton Thrower is hit by Sergei Plotnikov and loses puck.
8:23 of 3rd period - Wrist shot by Eric Tangradi.
8:23 of 3rd period - Stopped by Matt Hackett without a rebound.
8:24 of 3rd period - Anton Lander wins face-off versus Kyle Rau in Blackdemons zone.
8:41 of 3rd period - Sergei Plotnikov is hit by Anton Lander and loses puck.
9:02 of 3rd period - Snap shot by Patrice Cormier.
9:02 of 3rd period - Stopped by Anders Lindback with a rebound.
9:48 of 3rd period - Snap shot by Patrice Cormier.
9:48 of 3rd period - Goal by Patrice Cormier - Blackdemons : 4 - Mulligans : 4.
9:49 of 3rd period - Martin Hanzal wins face-off versus Maxime Macenauer in neutral zone.
9:54 of 3rd period - Snap shot by Martin Hanzal.
9:54 of 3rd period - Deflect By Ronalds Kenins.
9:54 of 3rd period - Shot Misses the Net.
9:54 of 3rd period - Puck is out of play.
9:55 of 3rd period - Martin Hanzal wins face-off versus Eric Tangradi in Mulligans zone.
10:04 of 3rd period - Wrist shot by Ales Kotalik.
10:04 of 3rd period - Stopped by Anders Lindback with a rebound.
10:06 of 3rd period - Slapshot by Keaton Ellerby.
10:06 of 3rd period - Stopped by Anders Lindback without a rebound.
10:07 of 3rd period - Maxime Macenauer wins face-off versus Ronalds Kenins in Mulligans zone.
10:09 of 3rd period - Minor Penalty to Eric Tangradi for Holding.
10:10 of 3rd period - Martin Hanzal wins face-off versus Mario Lucia in Mulligans zone.
10:45 of 3rd period - Snap shot by Andy McDonald.
10:45 of 3rd period - Shot Blocked by Cade Fairchild.
10:59 of 3rd period - Cody Goloubef is hit by Roman Josi and loses puck.
12:09 of 3rd period - Penalty to Eric Tangradi is over, Eric Tangradi is back on ice.
12:27 of 3rd period - Snap shot by Branko Radivojevic.
12:27 of 3rd period - Stopped by Anders Lindback with a rebound.
12:48 of 3rd period - Charles-Olivier Roussel is hit by Matt Niskanen and loses puck.
13:28 of 3rd period - Ales Kotalik is hit by Darren Dietz and loses puck.
14:25 of 3rd period - Snap shot by Cody Goloubef.
14:25 of 3rd period - Shot Misses the Net.
14:49 of 3rd period - Kyle Rau is hit by Nick Shore and loses puck.
15:37 of 3rd period - Mathew Dumba is hit by Jonathan Tremblay and loses puck.
17:08 of 3rd period - Icing by Thomas Hickey.
17:09 of 3rd period - Patrice Cormier wins face-off versus Anton Lander in Mulligans zone.
18:01 of 3rd period - Minor Penalty to Mathew Dumba for Hooking.
18:02 of 3rd period - Maxime Macenauer wins face-off versus Patrice Cormier in Blackdemons zone.
18:03 of 3rd period - Slapshot by Thomas Hickey.
18:03 of 3rd period - Shot Misses the Net.
18:27 of 3rd period - Roman Josi is hit by Matt Niskanen and loses puck.
19:46 of 3rd period - Patrice Cormier is hit by Jonathan Tremblay and loses puck.
Goals for this period are 2 for Blackdemons vs 0 for Mulligans.
Shots for this period are 7 for Blackdemons vs 5 for Mulligans.
Overtime #1
0:01 of 1st overtime period - Penalty to Mathew Dumba is over, Mathew Dumba is back on ice.
0:01 of 1st overtime period - Eric Tangradi wins face-off versus Patrice Cormier in neutral zone.
0:40 of 1st overtime period - Slapshot by Cody Goloubef.
0:40 of 1st overtime period - Deflect By Andy McDonald.
0:40 of 1st overtime period - Stopped by Matt Hackett without a rebound.
0:41 of 1st overtime period - Andy McDonald wins face-off versus Joonas Donskoi in Blackdemons zone.
0:57 of 1st overtime period - Slapshot by Joonas Donskoi.
0:57 of 1st overtime period - Shot Blocked by Martin Hanzal.
1:58 of 1st overtime period - Slapshot by Sergei Plotnikov.
1:58 of 1st overtime period - Stopped by Anders Lindback with a rebound.
2:00 of 1st overtime period - Slapshot by Mathew Dumba.
2:00 of 1st overtime period - Shot Blocked by Cody Goloubef.
2:02 of 1st overtime period - Wrist shot by Scott Timmins.
2:02 of 1st overtime period - Stopped by Anders Lindback without a rebound.
2:03 of 1st overtime period - Martin Hanzal wins face-off versus Joonas Donskoi in Mulligans zone.
2:09 of 1st overtime period - Icing by Thomas Hickey.
2:10 of 1st overtime period - Martin Hanzal wins face-off versus Eric Tangradi in Mulligans zone.
2:39 of 1st overtime period - Backhand shot by Patrice Cormier.
2:39 of 1st overtime period - Shot Misses the Net.
2:41 of 1st overtime period - Wrist shot by Mathew Dumba.
2:41 of 1st overtime period - Shot Misses the Net.
2:43 of 1st overtime period - Slapshot by Keaton Ellerby.
2:43 of 1st overtime period - Shot Misses the Net.
2:45 of 1st overtime period - Snap shot by Ales Kotalik.
2:45 of 1st overtime period - Stopped by Anders Lindback without a rebound.
2:46 of 1st overtime period - Martin Hanzal wins face-off versus Eric Tangradi in Mulligans zone.
3:11 of 1st overtime period - Roman Josi is hit by Matt Beleskey.
3:42 of 1st overtime period - Off-side.
3:43 of 1st overtime period - Patrice Cormier wins face-off versus Joonas Donskoi in neutral zone.
3:46 of 1st overtime period - Thomas Hickey is hit by Andrew MacDonald and loses puck.
3:53 of 1st overtime period - Wrist shot by Patrice Cormier.
3:53 of 1st overtime period - Shot Misses the Net.
4:13 of 1st overtime period - Slapshot by Andrew MacDonald.
4:13 of 1st overtime period - Deflect By Patrice Cormier.
4:13 of 1st overtime period - Shot Misses the Net.
4:13 of 1st overtime period - Puck is out of play.
4:14 of 1st overtime period - Martin Hanzal wins face-off versus Eric Tangradi in Mulligans zone.
4:27 of 1st overtime period - Andy McDonald is hit by Thomas Hickey and loses puck.
Goals for this period are 0 for Blackdemons vs 0 for Mulligans.
Shots for this period are 3 for Blackdemons vs 1 for Mulligans.
ShootOut
5:00 of 1st overtime period - Penalty Shot by Martin Hanzal for Blackdemons.
5:00 of 1st overtime period - Backhand shot by Martin Hanzal.
5:00 of 1st overtime period - Shot Misses the Net.
5:00 of 1st overtime period - Penalty Shot by Eric Tangradi for Mulligans.
5:00 of 1st overtime period - Snap shot by Eric Tangradi.
5:00 of 1st overtime period - Stopped by Matt Hackett.
5:00 of 1st overtime period - Penalty Shot by Ales Kotalik for Blackdemons.
5:00 of 1st overtime period - Snap shot by Ales Kotalik.
5:00 of 1st overtime period - Shot Misses the Net.
5:00 of 1st overtime period - Penalty Shot by Jonathan Tremblay for Mulligans.
5:00 of 1st overtime period - Wrist shot by Jonathan Tremblay.
5:00 of 1st overtime period - Stopped by Matt Hackett.
5:00 of 1st overtime period - Penalty Shot by Ronalds Kenins for Blackdemons.
5:00 of 1st overtime period - Deke by Ronalds Kenins.
5:00 of 1st overtime period - Shot Misses the Net.
5:00 of 1st overtime period - Penalty Shot by Maxime Macenauer for Mulligans.
5:00 of 1st overtime period - Wrist shot by Maxime Macenauer.
5:00 of 1st overtime period - Goal by Maxime Macenauer.
Back to the Top